Map: Ever Dream LE

Players

Awers - Winner!

  • Race: Terran Terran
  • League: Grandmaster
  • Spawn Location: 1:00

Cooltea

  • Race: Protoss Protoss
  • League: Master
  • Spawn Location: 7:00

VOD

Have the link to the VOD?

Description

Time

  • Played on: May 14, 2020, 5:36 a.m.
  • Length: 11:05
Show
View Real Time Build Order
Export as new Build Order

Awers Terran - Winner!

Build Orders: 2 Factory, Cyclone Opening, Gas First Reaper Expand, Mech 

Get SALT Encoding   

  12  0:00  SCV  
  13  0:13  SCV  
  14  0:17  Supply Depot  
  14  0:25  SCV  
  15  0:32  Refinery  
  15  0:39  SCV  
  16  0:44  Barracks  
  16  0:51  SCV  
  17  1:03  SCV  
  18  1:15  SCV  
  19  1:31  Orbital Command, Reaper  
  20  1:41  Command Center  
  20  1:52  Factory  
  20  1:57  SCV  
  21  2:02  Refinery  
  21  2:10  Supply Depot  
  21  2:11  SCV  
  23  2:16  Barracks Tech Lab  
  22  2:23  SCV  
  23  2:35  SCV  
  24  2:42  Cyclone  
  24  2:43  Barracks Reactor  
  27  2:48  SCV  
  28  2:53  Orbital Command  
  28  2:57  Refinery  
  28  3:04  SCV  
  29  3:14  Siege Tank  
  31  3:20  SCV  
  31  3:21  SCV  
  31  3:22  Marine x2  
  35  3:28  Factory  
  35  3:32  SCV  
  35  3:33  SCV  
  37  3:39  Refinery  
  37  3:44  SCV  
  37  3:45  SCV  
  39  3:48  Supply Depot  
  39  3:49  Siege Tank  
  42  3:56  SCV  
  42  3:57  SCV  
  44  4:03  Marine x2  
  46  4:10  SCV, Armory  
  46  4:12  SCV  
  46  4:13  Factory Tech Lab, Factory  
  48  4:22  SCV  
  49  4:24  SCV  
  49  4:29  Supply Depot  
  49  4:30  Supply Depot  
  50  4:34  SCV  
  50  4:36  SCV  
  50  4:37  Factory  
  52  4:45  Barracks Reactor  
  52  4:46  SCV  
  52  4:48  SCV  
  54  4:57  Thor  
  60  5:00  Terran Vehicle Weapons Level 1  
  60  5:01  SCV  
  60  5:02  Supply Depot  
  60  5:06  SCV  
  62  5:12  Thor  
  68  5:15  SCV  
  68  5:18  SCV  
  70  5:24  Hellion  
  70  5:26  Hellion  
  70  5:27  Thor  
  74  5:29  Hellion  
  74  5:35  Hellion x2, Infernal Pre-Igniter  
  78  5:38  Supply Depot  
  78  5:40  Supply Depot x2  
  78  5:46  Siege Tank  
  78  5:47  Hellion  
  83  5:51  Hellion  
  85  5:59  Siege Tank  
  85  6:03  Hellion x2  
  88  6:12  Widow Mine  
  88  6:13  Widow Mine  
  88  6:18  Widow Mine  
  91  6:22  Drilling Claws  
  91  6:24  Hellion  
  93  6:26  Hellion  
  93  6:32  Supply Depot  
  95  6:33  Siege Tank  
  95  6:36  Widow Mine x2  
  95  6:39  Siege Tank  
  105  6:40  Engineering Bay  
  105  6:48  Hellion  
  105  6:49  Widow Mine  
  109  6:55  Supply Depot x2  
  109  6:56  Supply Depot  
  109  6:58  Terran Vehicle Weapons Level 2  
  109  7:00  Widow Mine  
  110  7:07  Widow Mine  
  112  7:08  Missile Turret  
  112  7:09  Missile Turret  
  112  7:12  SCV  
  113  7:20  Widow Mine x3  
  119  7:28  SCV  
  120  7:36  Thor  
  126  7:38  SCV  
  127  7:48  Engineering Bay  
  127  7:50  Engineering Bay  
  122  8:01  Thor  
  101  8:10  SCV  
  81  8:13  SCV  
  81  8:19  Siege Tank  
  81  8:22  SCV  
  81  8:25  SCV  
  83  8:34  SCV  
  83  8:35  Widow Mine x3  
  90  8:45  Command Center  
  90  8:53  Thor  
  94  9:00  SCV  
  94  9:01  Barracks Tech Lab  
  93  9:04  Siege Tank, Factory  
  93  9:05  Hellion x2  
  93  9:09  SCV  
  99  9:12  SCV  
  100  9:25  Supply Depot x2  
  100  9:30  Hellion x2  
  98  9:38  Siege Tank x2  
  104  9:40  Hellion x2  
  104  9:44  SCV  
  109  9:56  Factory Tech Lab  
  109  9:59  Hellion  
  105  10:05  Widow Mine x3  
  111  10:10  Factory, Widow Mine, SCV  
  112  10:16  Orbital Command  
  112  10:17  Refinery  
  112  10:18  Refinery, Siege Tank  
  115  10:23  Siege Tank  
  115  10:24  SCV  
  119  10:32  Widow Mine x2  
  123  10:39  Sensor Tower  
  123  10:40  Missile Turret  
  105  11:01  Supply Depot  
Show
View Real Time Build Order
Export as new Build Order

Cooltea Protoss 

Build Orders: 1 Gate Expand, Phoenix Opening, Chargelot Immortal 

Get SALT Encoding   

  12  0:01  Probe  
  13  0:13  Probe  
  14  0:17  Pylon  
  14  0:25  Probe (Chrono Boost)  
  15  0:37  Gateway, Probe (Chrono Boost)  
  16  0:44  Probe (Chrono Boost)  
  16  0:46  Assimilator  
  17  0:51  Probe  
  18  1:03  Probe  
  19  1:19  Nexus  
  19  1:28  Cybernetics Core  
  19  1:31  Probe (Chrono Boost)  
  20  1:39  Assimilator  
  20  1:43  Probe (Chrono Boost)  
  20  1:47  Pylon  
  21  1:51  Probe (Chrono Boost)  
  22  1:57  Probe  
  23  2:03  Adept (Chrono Boost)  
  23  2:04  Warp Gate  
  25  2:10  Probe  
  26  2:22  Probe  
  27  2:24  Adept  
  29  2:31  Probe (Chrono Boost)  
  29  2:33  Stargate  
  31  2:38  Probe (Chrono Boost)  
  31  2:43  Probe (Chrono Boost)  
  32  2:49  Probe x2 (Chrono Boost)  
  34  2:54  Adept  
  34  2:58  Probe  
  37  3:04  Probe  
  38  3:09  Shield Battery  
  38  3:10  Probe  
  39  3:12  Pylon  
  39  3:16  Probe  
  40  3:20  Phoenix (Chrono Boost)  
  40  3:22  Probe  
  40  3:25  Pylon  
  43  3:29  Probe (Chrono Boost)  
  44  3:34  Probe (Chrono Boost)  
  44  3:36  Phoenix  
  48  3:45  Probe (Chrono Boost)  
  48  3:46  Probe (Chrono Boost)  
  48  3:47  Gateway  
  49  3:49  Gateway  
  49  3:51  Probe (Chrono Boost)  
  49  3:52  Probe  
  51  3:57  Stalker  
  51  4:01  Phoenix (Chrono Boost)  
  55  4:03  Probe  
  55  4:08  Probe  
  57  4:10  Assimilator  
  57  4:12  Pylon  
  57  4:17  Probe  
  57  4:20  Pylon  
  57  4:23  Phoenix (Chrono Boost)  
  58  4:25  Stalker  
  62  4:39  Nexus  
  62  4:42  Phoenix (Chrono Boost)  
  64  4:46  Sentry  
  64  4:48  Pylon  
  64  4:52  Probe  
  67  4:53  Assimilator, Probe  
  68  5:00  Robotics Facility  
  68  5:04  Probe  
  68  5:05  Probe  
  70  5:08  Phoenix  
  72  5:16  Probe  
  72  5:18  Probe  
  74  5:22  Twilight Council  
  74  5:23  Forge  
  74  5:28  Probe  
  74  5:30  Probe  
  75  5:37  Pylon  
  75  5:38  Zealot x2  
  75  5:40  Probe  
  75  5:41  Shield Battery  
  75  5:42  Pylon  
  80  5:51  Immortal (Chrono Boost)  
  80  5:53  Protoss Ground Weapons Level 1 (Chrono Boost), Probe  
  80  5:55  Charge (Chrono Boost), Probe  
  86  6:08  Probe  
  86  6:10  Zealot  
  89  6:20  Zealot x2  
  89  6:22  Immortal (Chrono Boost)  
  89  6:24  Gateway x2  
  97  6:35  Zealot, Shield Battery  
  99  6:49  Robotics Facility  
  99  6:51  Probe, Immortal (Chrono Boost)  
  99  6:52  Probe x2  
  106  6:56  Templar Archives  
  106  6:59  Gateway x2  
  106  7:04  Shield Battery  
  106  7:06  Probe x3  
  106  7:08  Assimilator  
  109  7:18  Probe, Immortal (Chrono Boost)  
  109  7:20  Zealot  
  116  7:25  Pylon  
  116  7:27  Pylon  
  116  7:29  Pylon  
  116  7:40  Pylon  
  120  7:45  Zealot x2  
  120  7:46  Zealot  
  120  7:48  Zealot x2  
  120  7:49  Immortal (Chrono Boost)  
  130  7:53  Immortal (Chrono Boost)  
  73  8:12  Probe  
  73  8:14  Zealot x2  
  73  8:15  Zealot  
  73  8:16  Zealot  
  73  8:18  Probe x2  
  73  8:19  Zealot x3  
  85  8:21  Observer (Chrono Boost)  
  85  8:25  Probe  
  87  8:27  Observer (Chrono Boost)  
  87  8:30  Probe  
  89  8:37  Observer  
  90  8:42  Zealot  
  90  8:43  Stalker x2  
  90  8:44  Immortal  
  91  8:58  Probe (Chrono Boost)  
  91  9:01  Probe (Chrono Boost)  
  91  9:02  Probe (Chrono Boost)  
  88  9:11  Probe (Chrono Boost)  
  88  9:12  Probe (Chrono Boost)  
  88  9:13  Probe (Chrono Boost)  
  88  9:16  Probe (Chrono Boost)  
  90  9:20  Probe  
  90  9:22  Probe  
  93  9:28  Probe (Chrono Boost)  
  94  9:37  Probe (Chrono Boost)  
  97  9:39  Observer  
  97  9:40  Probe x2 (Chrono Boost)  
  97  9:44  Stalker x2  
  97  9:45  Probe (Chrono Boost)  
  102  9:46  Probe (Chrono Boost)  
  102  9:47  Probe (Chrono Boost)  
  102  9:56  Probe  
  102  9:58  Probe x2  
  102  9:59  Warp Prism (Chrono Boost)  
  95  10:08  Probe (Chrono Boost)  
  95  10:10  Probe (Chrono Boost)  
  95  10:11  Photon Cannon  
  97  10:19  Probe (Chrono Boost)  
  99  10:22  Probe (Chrono Boost)  
  101  10:28  Stalker  
  101  10:30  Stalker  
  101  10:31  Stalker  
  90  10:37  Probe  
  90  10:38  Probe  
Tags
 
Add a new tag
Caveats
  • Supply blocks, unpowered buildings, or Contaminate may cause inaccurate times.
  • Supply counts are checked every 10 seconds.